 Dungeon Sprint DCSS version 0.23.1 (webtiles) character file.

Game seed: 5717394884883261856

9122 Fang the Fighter (level 11, 0/120 HPs)
             Began as a Gargoyle Berserker on Mar 19, 2019.
             Was the Champion of Trog.
             Slain by a spriggan berserker
             ... wielding a +4 war axe
              (29 damage)
             ... in the Dungeon (Sprint V: "Ziggurat Sprint").
             The game lasted 00:03:53 (1061 turns).

Fang the Fighter (Gargoyle Berserker)               Turns: 1061, Time: 00:03:53

Health: 0/120      AC: 42    Str: 38    XL:     11   Next: 41%
Magic:  0/6        EV: 13    Int:  8    God:    Trog [******]
Gold:   0          SH:  0    Dex:  7    Spells: 10/10 levels left

rFire    . . .     SeeInvis .   I - +6 broad axe (antimagic)
rCold    . . .     Gourm    .   (no shield)
rNeg     + . .     Faith    .   j - +15 Maxwell's patent armour {-Cast -Tele rElec MR+ rCorr}
rPois    ∞         Spirit   +   (no helmet)
rElec    +         Reflect  .   (no cloak)
rCorr    +         Harm     .   (no gloves)
MR       +....     NoTele   +   N - +1 pair of boots {run} Stlth ..........NoCast +
                                a - amulet of guardian spirit
HPRegen  0.30/turn              F - ring "Vivymeur" {+Fly MP+9 Slay+5}
MPRegen  0.10/turn              P - ring of Syahi {+Fly EV+3 Str+9 Dex-2}

@: berserking, grasped by roots, constricted, very quick
A: negative energy resistance 1, electricity resistance, unbreathing,
petrification resistance, rot immunity, AC +8
a: Berserk, Trog's Hand, Brothers in Arms, Renounce Religion, Evoke Flight


You were in the Dungeon.
You worshipped Trog.
Trog was exalted by your worship.
You were near starving.

You visited 1 branch

Inventory:

Hand Weapons
 b - a +1 hand axe of chopping
 k - a +5 executioner's axe
 I - a +6 antimagic broad axe (weapon)
Armour
 j - the +15 Maxwell's patent armour (worn) {-Cast -Tele rElec MR+ rCorr}
   (You found it in the Dungeon)

   It insulates you from electricity.
   It affects your resistance to hostile enchantments.
   It prevents spellcasting.
   It prevents most forms of teleportation.
   It provides partial protection from all sources of acid and corrosion.
 N - a +1 pair of boots of running (worn)
Jewellery
 a - an amulet of guardian spirit (around neck)
 B - the ring "Luttegru" {rElec MP+9 Int+8 Dex-2}
   (You found it in the Dungeon)

   [ring of magical power]

   It affects your intelligence (+8).
   It affects your dexterity (-2).
   It insulates you from electricity.
   It affects your magic capacity (+9).
 D - a +6 ring of strength
 E - a +6 ring of strength
 F - the ring "Vivymeur" (left hand) {+Fly MP+9 Slay+5}
   (You found it in the Dungeon)

   [ring of magical power]

   It affects your accuracy and damage with ranged weapons and melee attacks
   (+5).
   It affects your magic capacity (+9).
   It lets you fly.
 G - an uncursed ring of protection from fire
 H - an uncursed ring of protection from magic
 K - the ring "Dol Deh" {*Slow rPois rF+ SInv Stlth-}
   (You found it in the Dungeon)

   [ring of protection from fire]

   It protects you from fire.
   It protects you from poison.
   It lets you see invisible.
   It may slow you when you take damage.
   It makes you less stealthy.
 L - a +5 amulet of reflection
 M - the ring "Waskaelu" {Str+3 Int+6}
   (You found it in the Dungeon)

   [ring of strength]

   It affects your strength (+3).
   It affects your intelligence (+6).
 O - an uncursed ring of stealth
 P - the ring of Syahi (right hand) {+Fly EV+3 Str+9 Dex-2}
   (You found it in the Dungeon)

   [ring of evasion]

   It affects your evasion (+3).
   It affects your strength (+9).
   It affects your dexterity (-2).
   It lets you fly.
 Q - the amulet of Pazyastu {RegenMP rElec MR++ MP+9 Dex-5}
   (You found it in the Dungeon)

   [amulet of magic regeneration]

   It increases your magic regeneration.
   It affects your dexterity (-5).
   It insulates you from electricity.
   It affects your resistance to hostile enchantments.
   It affects your magic capacity (+9).
Wands
 w - a wand of disintegration (7)
 x - a wand of iceblast (7)
 y - a wand of acid (7)
Scrolls
 i - 4 scrolls of blinking
 l - 7 scrolls of fog
 m - a scroll of holy word
 n - 5 scrolls of identify
 o - 5 scrolls of remove curse
 p - 2 scrolls of fear
 J - a scroll of brand weapon
Potions
 d - 11 potions of curing
 e - 14 potions of heal wounds
 f - 6 potions of haste
 g - 7 potions of magic
 h - 3 potions of berserk rage
 q - 2 potions of brilliance
 r - 2 potions of invisibility
 s - 4 potions of resistance
 t - a potion of experience
 u - 5 potions of agility
 v - 5 potions of might
 C - a potion of ambrosia {unknown}
Miscellaneous
 A - a box of beasts
Comestibles
 c - 8 rations
 z - 11 chunks of flesh


   Skills:
 + Level 14.9 Fighting
 + Level 12.8 Axes
 + Level 14.8 Armour
 + Level 11.8 Dodging


You had 10 spell levels left.
You didn't know any spells.
Your spell library was empty.

Dungeon Overview and Level Annotations

Branches:
Dungeon (1/1)

Altars:
Ashenzari
Cheibriados
Dithmenos
Elyvilon
Fedhas
Gozag
Hepliaklqana
Kikubaaqudgha
Makhleb
Nemelex Xobeh
Okawaru
Qazlal
Ru
Sif Muna
Trog
Uskayaw
Vehumet
Wu Jian
Xom
Yredelemnul
Zin
The Shining One
Beogh
Jiyva
Lugonu

Annotations:
D 1 transporter


Innate Abilities, Weirdness & Mutations

You are resistant to torment.
Your stone body is resilient. (AC +8)
You are immune to poison.
You resist negative energy. (rN+)
You are resistant to electric shocks. (rElec)
You can survive without breathing.
You are immune to petrification.
You are immune to rotting.


Message History

You closely miss the spriggan berserker.
The briar patch crumbles away.
The spriggan berserker hits you with a +4 war axe!
* * * LOW HITPOINT WARNING * * *
Your troll bites the death yak.
The death yak dies!
The death yak's corpse disappears in a puff of smoke!
The spriggan air mage falters for a moment.
You slice the spriggan berserker!!
The spriggan berserker is severely wounded.
You closely miss the spriggan air mage.
You closely miss the spriggan berserker.
The briar patch crumbles away.
The spriggan berserker hits you but does no damage.
Your troll bites the spriggan berserker but does no damage.
Your troll closely misses the spriggan berserker.
Your troll claws the spriggan berserker but does no damage.
The thorn hunter gestures.
The spriggan berserker hits you with a +4 war axe!!
You die...

▓▓▓▓▓▓▓▓▓▓▓▓▓▓▓▓▓▓▓
▓...8©8...▓...8©8...▓
▓...):P=..▓..)=[})..▓
▓..[")P|..▓...[[....▓
▓....PP...▓.........▓
▓........P▓.........▓
▓..§f§..PP▓...).)...▓
▓..i†i....▓...).÷...▓
▓..T@if...▓.▓...).▓.▓
▓.▓.....▓.▓....©....▓
▓....©....▓▓▓▓▓▓▓▓▓▓▓
▓▓▓▓▓▓▓▓▓▓▓


You could see a thorn hunter, a shambling mangrove, 2 spriggan berserkers, a
spriggan air mage and a friendly troll (berserk).

Vanquished Creatures
  A purple draconian (D)
  A spriggan air mage (D)
  A shambling mangrove (D)
  3 draconians (D)
  A black mamba (D)
  2 spiny frogs (D)
  A yaktaur (D)
  A dryad (D)
  4 komodo dragons (D)
  3 guardian mummies (D)
  A hippogriff (D)
  Sigmund (D)
  A spriggan (D)
  4 nagas (D)
  4 water moccasins (D)
  Duvessa (D)
  3 black bears (D)
  2 wolves (D)
  2 centaurs (D)
  Blork the orc (D)
  2 bullfrogs (D)
  Dowan (D)
  4 scorpions (D)
  Crazy Yiuf (D)
  A jelly (D)
  Jessica (D)
  3 mummies (D)
  A river rat (D)
  An adder (D)
  An ooze (D)
  An adder skeleton (D)
  A jackal (D)
  A ball python (D)
57 creatures vanquished.

Vanquished Creatures (collateral kills)
  A dryad (D)
1 creature vanquished.

Vanquished Creatures (others)
  5 briar patches (D)
  A butterfly (D)
6 creatures vanquished.

Grand Total: 64 creatures vanquished

Notes
Turn   | Place    | Note
-------+----------+-------------------------------------------
     0 | D        | Found the +6 Majin-Bo {vamp, Archmagi MP+6 Int+6}
     0 | D        | Found the +7 great mace "Firestarter" {inner flame, rF++}
     0 | D        | Fang the Gargoyle Berserker began the quest for the Orb.
     0 | D        | Reached XP level 1. HP: 14/14 MP: 1/1
     0 | D        | Found a blossoming altar of Fedhas.
     1 | D        | Found a transporter.
     1 | D        | Found a viscous altar of Jiyva.
     1 | D        | Found an ancient bone altar of Kikubaaqudgha.
     1 | D        | Found a hazy altar of Hepliaklqana.
     1 | D        | Found a corrupted altar of Lugonu.
     1 | D        | Found an opulent altar of Gozag.
     1 | D        | Found a burning altar of Makhleb.
     8 | D        | Found a sparkling altar of Nemelex Xobeh.
     8 | D        | Found an iron altar of Okawaru.
     8 | D        | Found a stormy altar of Qazlal.
     8 | D        | Found a sacrificial altar of Ru.
     9 | D        | Found a deep blue altar of Sif Muna.
    13 | D        | Found the +9 heavy crossbow "Sniper" {velocity, Acc+∞ SInv}
    13 | D        | Found the +10 dark maul {crush}
    13 | D        | Found the +15 Maxwell's patent armour {-Cast -Tele rElec
                  | MR+ rCorr}
    13 | D        | Found the +18 shield of the Gong {rElec rN+ MR+ EV-5}
    13 | D        | Found the cursed +14 obsidian axe {chop, +Fly SInv *Curse}
    27 | D        | Found a bloodstained altar of Trog.
    68 | D        | Entered arena 2.
    68 | D        | Noticed a jelly
    68 | D        | Found a transporter.
    71 | D        | Killed a jelly
    71 | D        | Reached XP level 2. HP: 20/20 MP: 2/2
    71 | D        | Reached XP level 3. HP: 24/24 MP: 3/3
   215 | D        | Entered arena 3.
   215 | D        | Noticed a centaur
   215 | D        | Noticed a yaktaur
   215 | D        | Noticed a centaur
   215 | D        | Found a transporter.
   222 | D        | Killed a yaktaur
   222 | D        | Reached ** piety under Trog
   222 | D        | Reached skill level 5 in Dodging
   222 | D        | Reached XP level 4. HP: 33/35 MP: 4/4
   222 | D        | Reached XP level 5. HP: 37/39 MP: 5/5
   222 | D        | Reached XP level 6. HP: 42/44 MP: 6/6
   223 | D        | Reached XP level 7. HP: 49/50 MP: 7/7
   421 | D        | Entered arena 4.
   421 | D        | Found a transporter.
   426 | D        | Reached *** piety under Trog
   438 | D        | Entered arena 5.
   438 | D        | Noticed a draconian
   438 | D        | Noticed a draconian
   438 | D        | Noticed a draconian
   438 | D        | Noticed a purple draconian
   438 | D        | Found a transporter.
   444 | D        | Killed a draconian
   444 | D        | Reached skill level 10 in Fighting
   444 | D        | Reached XP level 8. HP: 57/57 MP: 6/8
   449 | D        | Killed a draconian
   449 | D        | Reached **** piety under Trog
   449 | D        | Reached skill level 10 in Armour
   454 | D        | Killed a purple draconian
   454 | D        | Reached skill level 10 in Axes
   454 | D        | Reached XP level 9. HP: 26/65 MP: 3/9
   463 | D        | Killed a draconian
   509 | D        | Entered arena 6.
   509 | D        | Found a transporter.
   513 | D        | Reached ***** piety under Trog
   530 | D        | Got the ring "Luttegru" {rElec MP+9 Int+8 Dex-2}
   539 | D        | Entered arena 7.
   539 | D        | Noticed a komodo dragon
   539 | D        | Noticed a spiny frog
   539 | D        | Noticed a komodo dragon
   540 | D        | Found a transporter.
   546 | D        | Killed a spiny frog
   546 | D        | Received a gift from Trog
   546 | D        | Reached XP level 10. HP: 72/72 MP: 10/10
   550 | D        | Reached skill level 10 in Dodging
   609 | D        | Got the ring "Vivymeur" {+Fly MP+9 Slay+5}
   623 | D        | Entered arena 8.
   623 | D        | Noticed Sigmund
   623 | D        | Noticed Jessica
   623 | D        | Noticed Blork the orc
   623 | D        | Noticed Crazy Yiuf
   623 | D        | Noticed Dowan
   623 | D        | Noticed Duvessa
   624 | D        | Found a transporter.
   627 | D        | Killed Jessica
   628 | D        | Killed Crazy Yiuf
   630 | D        | Killed Blork the orc
   630 | D        | Received a gift from Trog
   631 | D        | Killed Duvessa
   636 | D        | Killed Dowan
   638 | D        | Killed Sigmund
   665 | D        | Got the ring "Dol Deh" {*Slow rPois rF+ SInv Stlth-}
   767 | D        | Entered arena 9.
   768 | D        | Found a transporter.
   776 | D        | Reached ****** piety under Trog
   777 | D        | Received a gift from Trog
   836 | D        | Got the ring "Waskaelu" {Str+3 Int+6}
   886 | D        | Entered arena 10.
   886 | D        | Noticed a spiny frog
   892 | D        | Killed a spiny frog
   898 | D        | Received a gift from Trog
   899 | D        | Reached XP level 11. HP: 56/80 MP: 6/11
   907 | D        | Found a transporter.
   938 | D        | Identified a +1 pair of boots of running (You found it in
                  | the Dungeon)
   954 | D        | Got the ring of Syahi {+Fly EV+3 Str+9 Dex-2}
  1006 | D        | Entered arena 11.
  1007 | D        | Identified the +4 glaive of Compulsion {antimagic, rPois
                  | rF+}
  1007 | D        | Found a transporter.
  1037 | D        | Got the amulet of Pazyastu {RegenMP rElec MR++ MP+9 Dex-5}
  1048 | D        | Entered arena 12.
  1048 | D        | Noticed a shambling mangrove
  1048 | D        | Noticed a shambling mangrove
  1048 | D        | Noticed a spriggan berserker
  1048 | D        | Noticed a spriggan air mage
  1048 | D        | Noticed a spriggan air mage
  1048 | D        | Noticed a thorn hunter
  1049 | D        | Found the macabre finger necklace {rN+}
  1049 | D        | Identified the cursed ring "Vesorr" {rN++ AC-3 Str+4 Dex+2}
  1049 | D        | Noticed a spriggan berserker
  1050 | D        | Noticed a death yak
  1050 | D        | Found a transporter.
  1055 | D        | Received a gift from Trog
  1058 | D        | Killed a shambling mangrove
  1058 | D        | Killed a spriggan air mage
  1061 | D        | Slain by a spriggan berserker

Skill      XL: |  1  2  3  4  5  6  7  8  9 10 11 |
---------------+----------------------------------+-----
Axes           | 3 6 7 8 10 12 | 12.8
Dodging        | 2 5 6 7 9 11 | 11.8
Fighting       | 4 7 8 10 11 12 14 | 14.9
Armour         | 4 7 8 9 11 12 13 14 | 14.8

Action                   |  1- 3 |  4- 6 |  7- 9 | 10-12 || total
-------------------------+-------+-------+-------+-------++-------
Melee: Executioner's axe |     5 |     1 |    38 |     4 ||    48
       Broad axe         |       |       |       |    51 ||    51
       Battleaxe         |       |       |       |    11 ||    11
Invok: Berserk           |     2 |       |     2 |     3 ||     7
       Trog's Hand       |       |       |     1 |       ||     1
       Brothers in Arms  |       |       |       |     2 ||     2
  Eat: Chunk             |       |       |     2 |     4 ||     6
Armor: Plate armour      |    13 |     1 |    52 |    66 ||   132
Dodge: Dodged            |     8 |     1 |    35 |    59 ||   103
